 Dungeon Crawl Stone Soup version 0.26-a0-79-g47e9afc (webtiles) character file.

Game seed: 3856392213339272219

254 thirtiethelement the Shield-Bearer (level 6, 0/53 HPs)
             Began as a Gnoll Fighter on June 16, 2020.
             Killed by divine providence
             ... invoked by an orc priest
              (9 damage)
             ... on level 5 of the Dungeon.
             The game lasted 00:03:50 (2041 turns).

thirtiethelement the Shield-Bearer (Gnoll Fighter)  Turns: 2041, Time: 00:03:51

Health: 0/53       AC: 10    Str: 20    XL:     6   Next: 15%
Magic:  8/8        EV:  9    Int: 10    God:
Gold:   157        SH: 11    Dex: 15    Spells: 8/8 levels left

rFire    . . .     SeeInvis .   a - +1 war axe
rCold    . . .     Gourm    .   c - +0 kite shield
rNeg     . . .     Faith    .   b - +1 scale mail
rPois    .         Spirit   .   (no helmet)
rElec    .         Reflect  .   i - +0 cloak
rCorr    .         Harm     .   (no gloves)
MR       .....                  (no boots)
Stlth    +.........             (no amulet)
HPRegen  0.17/turn              (no ring)
MPRegen  0.11/turn              (no ring)

@: no status effects
A: distributed training, fangs 1, strong nose
a: no special abilities


You were on level 5 of the Dungeon.
You were not hungry.

You visited 1 branch of the dungeon, and saw 4 of its levels.

You collected 157 gold pieces.

Inventory:

Hand Weapons
 a - a +1 war axe (weapon)
Armour
 b - a +1 scale mail (worn)
 c - a +0 kite shield (worn)
 i - a +0 cloak (worn)
Jewellery
 e - an uncursed amulet of faith
Scrolls
 g - a scroll of remove curse {unknown}
 h - 2 scrolls of identify
 j - 2 scrolls of amnesia
 l - a scroll of enchant weapon
 m - a scroll of fog
 o - a scroll of enchant armour
Potions
 d - a potion of might
 n - a potion of heal wounds {unknown}
 p - a potion of resistance {unknown}
Comestibles
 f - 3 rations
 k - 5 chunks of flesh


   Skills:
 + Level 6.8 Fighting
 + Level 1.8 Short Blades
 + Level 1.8 Long Blades
 + Level 4.9 Axes
 + Level 1.8 Maces & Flails
 + Level 1.8 Polearms
 + Level 1.8 Staves
 + Level 1.8 Slings
 + Level 1.8 Bows
 + Level 1.8 Crossbows
 + Level 1.8 Throwing
 + Level 6.8 Armour
 + Level 1.8 Dodging
 + Level 1.8 Stealth
 + Level 6.8 Shields
 + Level 1.8 Unarmed Combat
 + Level 1.8 Spellcasting
 + Level 1.4 Conjurations
 + Level 1.4 Hexes
 + Level 1.4 Charms
 + Level 1.4 Summonings
 + Level 1.4 Necromancy
 + Level 1.4 Translocations
 + Level 1.4 Transmutations
 + Level 1.4 Fire Magic
 + Level 1.4 Ice Magic
 + Level 1.4 Air Magic
 + Level 1.4 Earth Magic
 + Level 1.4 Poison Magic
 + Level 2.0 Invocations
 + Level 1.8 Evocations


You had 8 spell levels left.
You didn't know any spells.
Your spell library was empty.

Dungeon Overview and Level Annotations

Branches:
Dungeon (3/15)

Altars:


Innate Abilities, Weirdness & Mutations

Your experience applies equally to all skills.
You have very sharp teeth.
Your uncanny sense of smell can sniff out nearby items.


Message History

The orc priest invokes the aid of Beogh against you.
Pain shoots through your body!
The orc priest casts a cantrip, but nothing happens.
You closely miss the orc priest.
The orc priest is almost dead.
The orc priest invokes the aid of Beogh against you.
Pain shoots through your body!
* * * LOW HITPOINT WARNING * * *
You hit the orc priest but do no damage.
The orc priest is almost dead.
The orc priest casts a cantrip, but nothing happens.
You hit the orc priest but do no damage.
The orc priest is almost dead.
The orc priest completely misses you.
You hit the orc priest but do no damage.
The orc priest is almost dead.
The orc priest begins to cast a cantrip, but forgets the words!
The orc priest mumbles some strange prayers to Beogh against you.
Beogh smites you!
You die...

######### #.......#
+.......# #.......#
#..)o)..# #.)@# ###
###...####.##
#.....#.....#
#.....'.....#
####..##...#########
#..##...#....#..#.
....#..............
.....#..............
.......#..............


You could see an orc priest.

Vanquished Creatures
  An ice beast (D:5)
  An orc wizard (D:5)
  A bullfrog skeleton (D:5)
  5 adders (D:2)
  2 worms (D:2)
  2 dart slugs
  7 orcs
  A ball python (D:5)
  4 bats
  2 giant cockroaches (D:2)
  4 goblins
  3 hobgoblins (D:1)
  3 jackals (D:2)
  4 kobolds
  A frilled lizard (D:2)
  5 rats
46 creatures vanquished.

Notes
Turn   | Place    | Note
-------+----------+-------------------------------------------
     0 | D:1      | thirtiethelement the Gnoll Fighter began the quest for the
                  | Orb.
     0 | D:1      | Reached XP level 1. HP: 23/23 MP: 1/1
   325 | D:1      | Reached XP level 2. HP: 25/29 MP: 2/2
  1042 | D:2      | Reached XP level 3. HP: 34/35 MP: 3/3
  1170 | D:2      | Reached skill level 1 in Invocations
  1324 | D:2      | Reached skill level 1 in Short Blades
  1324 | D:2      | Reached skill level 1 in Long Blades
  1324 | D:2      | Reached skill level 1 in Maces & Flails
  1324 | D:2      | Reached skill level 1 in Polearms
  1324 | D:2      | Reached skill level 1 in Staves
  1324 | D:2      | Reached skill level 1 in Slings
  1324 | D:2      | Reached skill level 1 in Bows
  1324 | D:2      | Reached skill level 1 in Crossbows
  1324 | D:2      | Reached skill level 1 in Throwing
  1324 | D:2      | Reached skill level 1 in Dodging
  1324 | D:2      | Reached skill level 1 in Stealth
  1324 | D:2      | Reached skill level 1 in Unarmed Combat
  1324 | D:2      | Reached skill level 1 in Spellcasting
  1324 | D:2      | Reached skill level 1 in Evocations
  1330 | D:2      | Reached XP level 4. HP: 35/41 MP: 5/5
  1776 | D:3      | Reached skill level 1 in Conjurations
  1776 | D:3      | Reached skill level 1 in Hexes
  1776 | D:3      | Reached skill level 1 in Charms
  1776 | D:3      | Reached skill level 1 in Summonings
  1776 | D:3      | Reached skill level 1 in Necromancy
  1776 | D:3      | Reached skill level 1 in Translocations
  1776 | D:3      | Reached skill level 1 in Transmutations
  1776 | D:3      | Reached skill level 1 in Fire Magic
  1776 | D:3      | Reached skill level 1 in Ice Magic
  1776 | D:3      | Reached skill level 1 in Air Magic
  1776 | D:3      | Reached skill level 1 in Earth Magic
  1776 | D:3      | Reached skill level 1 in Poison Magic
  1914 | D:3      | You fall into a shaft and drop 2 floors!
  1914 | D:5      | Entered Level 5 of the Dungeon
  1930 | D:5      | Reached XP level 5. HP: 47/47 MP: 6/6
  2012 | D:5      | Noticed an ice beast
  2023 | D:5      | Killed an ice beast
  2029 | D:5      | Reached XP level 6. HP: 36/53 MP: 8/8
  2041 | D:5      | Killed from afar by an orc priest

Illustrated notes

Levels and vault maps discovered:
D:1:      dpeg_arrival_water_fire, layout_basic
D:2:      layout_basic
D:3:      layout_rooms, first_ration
D:5:      layout_gridville, lemuel_round_altar, corexii_item_surrounded_by_moat,
          chequers_serial_rivers_small_b

Skill      XL: |  1  2  3  4  5  6 |
---------------+-------------------+-----
Invocations    | 1 2 |  2.0
Short Blades   | 1 |  1.8
Long Blades    | 1 |  1.8
Maces & Flails | 1 |  1.8
Polearms       | 1 |  1.8
Staves         | 1 |  1.8
Slings         | 1 |  1.8
Bows           | 1 |  1.8
Crossbows      | 1 |  1.8
Throwing       | 1 |  1.8
Dodging        | 1 |  1.8
Stealth        | 1 |  1.8
Unarmed Combat | 1 |  1.8
Spellcasting   | 1 |  1.8
Evocations     | 1 |  1.8
Conjurations   | 1 |  1.4
Hexes          | 1 |  1.4
Charms         | 1 |  1.4
Summonings     | 1 |  1.4
Necromancy     | 1 |  1.4
Translocations | 1 |  1.4
Transmutations | 1 |  1.4
Fire Magic     | 1 |  1.4
Ice Magic      | 1 |  1.4
Air Magic      | 1 |  1.4
Earth Magic    | 1 |  1.4
Poison Magic   | 1 |  1.4
Fighting       | |  6.8
Axes           | |  4.9
Armour         | |  6.8
Shields        | |  6.8

Action                   |  1- 3 |  4- 6 || total
-------------------------+-------+-------++-------
Melee: War axe           |    65 |    78 ||   143
       Bite              |     4 |     5 ||     9
  Use: Scroll            |     5 |     1 ||     6
  Eat: Chunk             |     1 |     3 ||     4
Armor: Scale mail        |    23 |    24 ||    47
Dodge: Dodged            |    15 |    23 ||    38
Block: Kite shield       |    36 |    51 ||    87

Table legend:
 A = Non-vault XP
 B = Vault XP
 C = Vault XP percentage of total XP
 D = Non-vault monster count
 E = Vault monster count
 F = Vault count percentage of total count
                 A         B        C        D         E       F
            +---------+---------+-------+---------+---------+-------
      Total |     364 |       0 |   0.0 |      46 |       0 |   0.0
            +---------+---------+-------+---------+---------+-------
        D:1 |      20 |       0 |   0.0 |      11 |       0 |   0.0
        D:2 |      98 |       0 |   0.0 |      19 |       0 |   0.0
        D:3 |      17 |       0 |   0.0 |       7 |       0 |   0.0
        D:5 |     229 |       0 |   0.0 |       9 |       0 |   0.0
            +---------+---------+-------+---------+---------+-------
